 Dungeon Crawl Stone Soup version 0.32-a0-42-ga30500b4d3 (webtiles) character file.

Game seed: 7990284025023027521

778 anacleto the Changeling (level 7, -2/85 (97) HPs)
             Began as a Troll Shapeshifter on Jan 28, 2024.
             Slain by a wight
             ... wielding a +3 dire flail of freezing
              (3 damage)
             ... on level 5 of the Dungeon.
             The game lasted 00:11:45 (4121 turns).

anacleto the Changeling (Troll Shapeshifter)        Turns: 4121, Time: 00:11:46

HP:   -2/85 (97)    AC: 23    Str: 25    XL:     7   Next: 54%
MP:   6/6           EV:  1    Int:  6    God:
Gold: 225           SH:  0    Dex:  9    Spells: 6/6 levels left

rFire   . .          .
                       - Unarmed
rCold   . . .        (no shield)
rNeg    . . .        a - melded +0 animal skin
rPois   +            (helmet currently unavailable)
rElec   .            (cloak currently unavailable)
rCorr   .            (gloves unavailable)
SInv    .            (boots unavailable)
Will    .....        (no amulet)
Stlth   +            (no ring)
HPRegen 1.14/turn    (no ring)
MPRegen 0.10/turn

%: no passive effects
@: tree-form, heavily drained
A: stationary, stasis, torment immunity, boosted hp, large, unfitting armour,
(claws 3), regeneration 1, (shaggy fur 1), (tough skin 1)
a: no special abilities


You were on level 5 of the Dungeon.
You were a tree.
You visited 1 branch of the dungeon, and saw 5 of its levels.

You collected 225 gold pieces.

Inventory:

Missiles
 h - a throwing net
 k - 4 poisoned darts
 n - 4 silver javelins
 r - 2 javelins
 s - 2 boomerangs (quivered)
 t - 4 atropa-tipped darts
Armour
 a - a +0 animal skin (melded)
Talismans
 c - a beast talisman
 d - a flux talisman
 l - a blade talisman
Wands
 p - a wand of digging (7)
Scrolls
 e - a scroll of teleportation
 f - a scroll of fog
 u - 3 scrolls of immolation
Potions
 b - 2 potions of lignification
 g - a potion of attraction {unknown}
 i - a potion of berserk rage {unknown}
 j - a potion of resistance {unknown}
 m - 2 potions of cancellation
 o - 2 potions of curing {unknown}
 q - a potion of haste {unknown}
 v - a potion of mutation {unknown}


   Skills:
 - Level 2.2 Fighting
 - Level 1.2 Throwing
 - Level 2.6 Dodging
 - Level 4.0 Unarmed Combat
 * Level 6.9 Shapeshifting


You had 6 spell levels left.
You didn't know any spells.
Your spell library contained the following spells:

 Spells                   Type           Power      Damage    Failure   Level
 Jinxbite                 Hex            0%         N/A       58%         2
 Yara's Violent Unravell  Hex/Alch       0%         3d3       100%        5
 Enfeeble                 Hex            0%         N/A       100%        7


Dungeon Overview and Level Annotations

Branches:
Dungeon (5/15)
 Temple: D:4-7

Altars:
Gozag
Ru
Sif Muna
Vehumet
Zin

Annotations:
D:3 exclusion: statue


Innate Abilities, Weirdness & Mutations

You are a tree.
Your roots penetrate the ground, keeping you stationary.
You cannot be teleported.
You are immune to unholy pain and torment.
Your maximum health is greatly increased.
Your equipment is partially melded.
You are too large for most types of armour.
((You have claws for hands.))
Your natural rate of healing is unusually fast.
((You are covered in fur. (AC +1)))
((You have tough skin. (AC +1)))


Message History

Press: ? - help, Q - select action, (/) - cycle Shift-Dir - straight line, f/p - wight
Aim: a wight, wielding a +3 halberd and wearing a +0 leather armour (moderately damaged, 57% to hit)
You throw a boomerang. The boomerang barely misses the wight.
Unknown command.
Throw: 3 boomerangs
Press: ? - help, Q - select action, (/) - cycle Shift-Dir - straight line, f/p - wight
Aim: a wight, wielding a +3 halberd and wearing a +0 leather armour (moderately damaged, 57% to hit)
You throw a boomerang. The boomerang closely misses the wight.
The wight hits you with a +3 halberd! The wight hits you with a +3 halberd.
You feel drained.
You claw the wight!
The wight is almost destroyed.
The wight hits you with a +3 halberd!
You feel drained.
You barely miss the wight.
The wight is almost destroyed.
The wight closely misses you. The wight attacks as it pursues you!
The wight hits you with a +3 dire flail of freezing!
The wight freezes you.
The wight hits you from afar with a +3 halberd.
* * * LOW HITPOINT WARNING * * *
You feel drained.
* * * LOW HITPOINT WARNING * * *
Okay, then.
Your transformation has ended.
You turn into a tree.
Your +0 animal skin melds into your body.
Your roots penetrate the ground.
The wight hits you from afar with a +3 halberd.
* * * LOW HITPOINT WARNING * * *
You feel drained.
* * * LOW HITPOINT WARNING * * *
You barely miss the wight.
The wight hits you from afar with a +3 halberd.
* * * LOW HITPOINT WARNING * * *
You feel drained.
The wight hits you with a +3 dire flail of freezing!
* * * LOW HITPOINT WARNING * * *
The wight freezes you.
You die...

..# ##.....#...##.###.# # [.##
#......<..# #.# #.### .z##
#..........# #.# #...# .#
...###...######.###..<# .###
##..# ....## ##..##....# ...#
...##.#.## ###..##..#### .z.#
##.#..#.# #...[hc.## ## ...#
####...##.# ##....#######.
...###.........z♣###..######.....
................z.##.#...........
................z................
.))####...........#..####........
..<# ..............#..).##....^
##.### ............###.#####.....
.....# ..........................
.....# ..........................
#....# ..............)......###


You could see 3 wights.

Vanquished Creatures
  A scorpion (D:4)
  A jelly (D:4)
  6 hounds
  3 orc priests
  3 iguanas
  Natasha (thrice) (D:2)
  2 orc wizards
  Robin (D:3)
  5 adders
  3 gnolls (D:1)
  2 ribbon worms
  18 orcs
  3 endoplasms
  3 giant cockroaches
  11 goblins
  13 hobgoblins
  2 jackals (D:1)
  4 quokkas
  11 ball pythons
  6 bats
  2 frilled lizards
  6 kobolds
  4 rats
113 creatures vanquished.

Notes
Turn   | Place    | Note
-------+----------+-------------------------------------------
     0 | D:1      | anacleto the Troll Shapeshifter began the quest for the
                  | Orb.
     0 | D:1      | Reached XP level 1. HP: 18/18 MP: 0/0
   105 | D:1      | Reached skill level 1 in Fighting
   107 | D:1      | Reached XP level 2. HP: 27/27 MP: 1/1
   584 | D:2      | Reached XP level 3. HP: 33/33 MP: 2/2
  1048 | D:2      | Noticed Natasha
  1062 | D:2      | Killed Natasha
  1063 | D:2      | Reached XP level 4. HP: 30/41 MP: 3/3
  1335 | D:2      | Noticed Natasha
  1341 | D:2      | Killed Natasha
  1393 | D:3      | Reached skill level 4 in Shapeshifting
  1403 | D:3      | Found a shimmering blue altar of Sif Muna.
  1621 | D:2      | Noticed Natasha
  1629 | D:2      | Killed Natasha
  1630 | D:2      | Reached XP level 5. HP: 40/49 MP: 4/4
  1780 | D:3      | Noticed Robin
  2253 | D:3      | Killed Robin
  2254 | D:3      | Reached skill level 1 in Throwing
  2409 | D:3      | Reached XP level 6. HP: 54/57 MP: 5/5
  2474 | D:3      | Found a radiant altar of Vehumet.
  2648 | D:4      | Found a sacrificial altar of Ru.
  2660 | D:4      | Reached skill level 5 in Shapeshifting
  2867 | D:4      | Found an opulent altar of Gozag.
  3040 | D:4      | Found a glowing silver altar of Zin.
  3380 | D:5      | Entered Level 5 of the Dungeon
  3449 | D:5      | Reached XP level 7. HP: 59/65 MP: 6/6
  3458 | D:5      | Reached skill level 6 in Shapeshifting
  4121 | D:5      | HP: 1/85 [wight/+3 dire flail of freezing (9)]
  4121 | D:5      | Slain by a wight

Illustrated notes

Levels and vault maps discovered:
D:1:      beargit_arrival_diablo_church, layout_basic, kennysheep_flooded_box
D:2:      layout_loops_cross, minivault_27, small_statue_intersection,
          minmay_statues_item, uniq_natasha
D:3:      layout_rooms, vehumet_statue, nicolae_overflow_crystal_walls,
          serial_forest, infiniplex_forest_zigzag_1,
          infiniplex_forest_clump_diagonal, infiniplex_forest_lined_4_way,
          infiniplex_forest_clump_small, infiniplex_forest_end_2,
          infiniplex_forest_lined_room_2, infiniplex_forest_join,
          infiniplex_forest_clump_cross, infiniplex_forest_clump_tiny,
          uniq_robin
D:4:      layout_basic, pdpol_temple_overflow_zin_treasury_gozag_greed,
          nicolae_ru_great_annihilating_truth
D:5:      layout_rooms

Skill      XL: |  1  2  3  4  5  6  7 |
---------------+----------------------+-----
Fighting       | 1 2 |  2.2
Dodging        | 2 |  2.6
Shapeshifting  | 4 5 6 |  6.9
Throwing       | 1 |  1.2
Unarmed Combat | 4 |  4.0

Action                     |  1- 3 |  4- 6 |  7- 9 || total
---------------------------+-------+-------+-------++-------
  Melee: Unarmed           |    82 |   164 |    56 ||   302
         Punch             |       |     7 |     3 ||    10
  Throw: Dart              |       |     8 |       ||     8
         Boomerang         |       |       |     3 ||     3
    Use: Scroll            |       |     2 |     3 ||     5
         Potion            |       |       |     1 ||     1
   Stab: Paralysed         |       |     2 |       ||     2
 Armour: Animal skin       |    79 |   139 |    50 ||   268
         Skin              |       |       |     3 ||     3
  Dodge: Dodged            |    50 |   118 |    34 ||   202

Table legend: (Time is in decaauts)
 A = Elapsed time spent in this place.
 B = Non-inter-level travel time spent in this place.
 C = Inter-level travel time spent in this place.
 D = Time resting spent in this place.
 E = Time spent auto-exploring this place.
 F = Levels seen in this place.
 G = Mean time per level.
                   A        B        C        D        E       F      G
               +--------+--------+--------+--------+--------+-----+--------+
         Total |   4120 |   3881 |    239 |    536 |   2120 |   5 |  824.0 |
       Dungeon |   4120 |   3881 |    239 |    536 |   2120 |   5 |  824.0 |
               +--------+--------+--------+--------+--------+-----+--------+

Top non-repeatable levels by time:
     D:4: 1223 daAuts
     D:2: 1037 daAuts
     D:3: 779 daAuts
     D:1: 721 daAuts
     D:5: 359 daAuts
